 Dungeon Crawl Stone Soup version 0.22.0-40-g68aacdc4c8 (webtiles) character file.

198 KamiKatze the Cudgeler (level 5, -1/32 HPs)
             Began as a Gargoyle Artificer on Sept 1, 2018.
             Slain by a worker ant (3 damage)
             ... on level 4 of the Dungeon.
             The game lasted 00:10:27 (2576 turns).

KamiKatze the Cudgeler (Gargoyle Artificer)         Turns: 2576, Time: 00:10:27

Health: -1/32      AC: 15    Str: 20    XL:     5   Next: 76%
Magic:  7/7        EV: 12    Int: 11    God:
Gold:   189        SH:  0    Dex: 10    Spells: 4/4 levels left

rFire    . . .     SeeInvis .   j - +0 flail
rCold    + . .     Gourm    .   (no shield)
rNeg     + . .     Faith    .   i - +5 leather armour of Responsibility {rC+}
rPois    ∞         Spirit   .   (no helmet)
rElec    +         Reflect  .   m - +0 cloak
rCorr    .         Harm     .   (no gloves)
MR       .....                  (no boots)
Stlth    +.........             p - amulet of the acrobat
HPRegen  0.10/turn              l - +2 ring of protection
MPRegen  0.10/turn              h - +3 ring of strength

@: no status effects
A: negative energy resistance 1, electricity resistance, unbreathing,
petrification resistance, rot immunity, AC +4
a: no special abilities


You were on level 4 of the Dungeon.
You were hungry.

You visited 1 branch of the dungeon, and saw 4 of its levels.

You collected 189 gold pieces.

Inventory:

Hand Weapons
 a - a +0 mace
 b - a +0 short sword
 j - a +0 flail (weapon)
 u - a +0 morningstar
 v - a +1 whip of pain
Missiles
 g - 39 stones (quivered)
Armour
 i - the +5 leather armour of Responsibility (worn) {rC+}
   (You found it on level 4 of the Dungeon)

   It protects you from cold.
 m - a +0 cloak (worn)
 o - a +0 chain mail
 s - a +1 shield of protection
Jewellery
 h - a +3 ring of strength (right hand)
 l - a +2 ring of protection (left hand)
 p - an amulet of the acrobat (around neck)
Wands
 c - a wand of flame (15)
 d - a wand of enslavement (15)
 e - a wand of random effects (14)
Scrolls
 n - a scroll of noise {unknown}
 q - a scroll of enchant armour {unknown}
 r - a scroll of remove curse {unknown}
Comestibles
 f - 3 rations


   Skills:
 + Level 2.8 Fighting
 - Level 0.8 Short Blades
 * Level 3.0 Maces & Flails
 + Level 2.4 Armour
 + Level 2.5 Dodging
 - Level 1.1 Stealth
 - Level 2.6 Evocations


You had 4 spell levels left.
You didn't know any spells.
Your spell library was empty.

Dungeon Overview and Level Annotations

Branches:
Dungeon (4/15)
 Temple: D:4-7

Altars:
Makhleb
Sif Muna

Annotations:
D:4 Ijyb


Innate Abilities, Weirdness & Mutations

You are resistant to torment.
Your stone body is resilient. (AC +4)
You are immune to poison.
You resist negative energy. (rN+)
You are resistant to electric shocks. (rElec)
You can survive without breathing.
You are immune to petrification.
You are immune to rotting.


Message History

Ijyb misses you.
The worker ant bites you but does no damage.
You hit the worker ant.
The worker ant is heavily wounded.
Ijyb closely misses you.
The worker ant bites you but does no damage.
Ijyb hits you but does no damage. The worker ant barely misses you.
You barely miss Ijyb.
Ijyb is heavily wounded.
The worker ant closely misses you. Ijyb hits you but does no damage.
You hit Ijyb but do no damage.
Ijyb is heavily wounded.
The worker ant bites you. Ijyb hits you.
* * * LOW HITPOINT WARNING * * *
The worker ant bites you.
* * * LOW HITPOINT WARNING * * *
You hit Ijyb but do no damage.
Ijyb is heavily wounded.
Ijyb misses you. The worker ant bites you.
You die...

###......##..........
###......##..........#
.........# ..........#
.........###.........#
.....(....!........).# #
....#####............#.#
.... #...........?..#
.... #......g.....# ..
#......a@....#
##############


You could see Ijyb and a worker ant.

Vanquished Creatures
  A bullfrog (D:4)
  A hound (D:2)
  An orc wizard (D:3)
  2 adders (D:2)
  A worm (D:2)
  2 dart slugs
  A leopard gecko (D:2)
  7 orcs
  7 bats
  4 giant cockroaches
  2 goblins
  4 hobgoblins
  2 jackals (D:3)
  A ball python (D:1)
  3 frilled lizards
  5 kobolds
  5 rats
49 creatures vanquished.

Notes
Turn   | Place    | Note
-------+----------+-------------------------------------------
     0 | D:1      | KamiKatze the Gargoyle Artificer began the quest for the Orb.
     0 | D:1      | Reached XP level 1. HP: 12/12 MP: 2/2
   213 | D:1      | Reached XP level 2. HP: 12/16 MP: 4/4
   403 | D:1      | Reached skill level 1 in Armour
   717 | D:2      | Reached skill level 1 in Maces & Flails
   717 | D:2      | Reached XP level 3. HP: 10/21 MP: 5/5
  1076 | D:2      | Found a burning altar of Makhleb.
  1090 | D:2      | Reached XP level 4. HP: 18/26 MP: 6/6
  1287 | D:2      | Reached skill level 2 in Maces & Flails
  1883 | D:3      | Reached XP level 5. HP: 21/31 MP: 7/7
  2435 | D:4      | Found a deep blue altar of Sif Muna.
  2499 | D:4      | Got a bloodstained leather armour
  2510 | D:4      | Identified the +5 leather armour of Responsibility {rC+} (You found it on level 4 of the Dungeon)
  2543 | D:4      | Reached skill level 3 in Maces & Flails
  2550 | D:4      | Noticed Ijyb
  2576 | D:4      | Slain by a worker ant

Skill      XL: |  1  2  3  4  5 |
---------------+----------------+-----
Armour         | 1 2 |  2.4
Maces & Flails | 1 2 3 |  3.0
Dodging        | 2 |  2.5
Fighting       | 2 |  2.8
Short Blades   | |  0.8
Stealth        | |  1.1
Evocations     | |  2.6

Action                   |  1- 3 |  4- 6 || total
-------------------------+-------+-------++-------
Melee: Short sword       |   132 |    58 ||   190
       Mace              |       |    45 ||    45
       Flail             |       |    49 ||    49
Evoke: Wand              |       |     1 ||     1
  Use: Potion            |     1 |     2 ||     3
 Stab: Confused          |       |     1 ||     1
  Eat: Chunk             |     1 |     4 ||     5
Armor: Ring mail         |    46 |    68 ||   114
       Leather armour    |     4 |    24 ||    28
       Skin              |    10 |       ||    10
       Chain mail        |       |    35 ||    35
Dodge: Dodged            |    79 |   144 ||   223
